 Dungeon Crawl Stone Soup version 0.28-a0-925-gd5e1996cdb (webtiles) character file.

Game seed: 6614422046316323538

490 vineage the Fighter (level 7, -2/50 HPs)
             Began as a Gargoyle Fighter on Nov 26, 2021.
             Slain by a wight (7 damage)
             ... on level 4 of the Dungeon.
             The game lasted 00:03:48 (4662 turns).

vineage the Fighter (Gargoyle Fighter)              Turns: 4662, Time: 00:03:49

Health: -2/50      AC: 17    Str: 19    XL:     7   Next: 14%
Magic:  7/7        EV:  5    Int:  9    God:
Gold:   209        SH:  5    Dex: 17    Spells: 6/6 levels left

rFire   . . .      SeeInvis .   n - +3 mace
rCold   . . .      Faith    .   c - +0 buckler
rNeg    + . .      Spirit   .   j - +0 plate armour
rPois   ∞          Reflect  .   (no helmet)
rElec   +          Harm     .   m - +0 cloak
rCorr   .          Rampage  .   (no gloves)
Will    .....                   (no boots)
Stlth   ..........              i - amulet of the acrobat
HPRegen 0.16/turn               h - +6 ring of dexterity
MPRegen 0.10/turn               (no ring)

@: about to teleport
A: sickness immunity, AC +4, negative energy resistance 1, electricity
resistance, torment resistance 1, petrification resistance
a: no special abilities


You were on level 4 of the Dungeon.
You visited 1 branch of the dungeon, and saw 4 of its levels.

You collected 209 gold pieces.

Inventory:

Hand Weapons
 a - a +0 flail of draining
 n - a +3 mace (weapon)
Missiles
 g - a throwing net (quivered)
Armour
 c - a +0 buckler (worn)
 j - a +0 plate armour (worn)
 m - a +0 cloak (worn)
Jewellery
 h - a +6 ring of dexterity (left hand)
 i - an amulet of the acrobat (around neck)
Potions
 d - a potion of berserk rage {unknown}
 e - a potion of brilliance {unknown}
 f - a potion of cancellation {unknown}
 k - a potion of flight {unknown}
 l - 2 potions of lignification {unknown}


   Skills:
 + Level 8.7 Fighting
 - Level 2.0 Maces & Flails
 - Level 3.2 Armour
 - Level 3.2 Shields


You had 6 spell levels left.
You didn't know any spells.
Your spell library contained the following spells:

 Spells                   Type           Power      Damage    Failure   Level
 Portal Projectile        Hex/Tloc       0%         N/A       100%        3
 Blade Hands              Tmut           0%         N/A       100%        5
 Excruciating Wounds      Necr           0%         N/A       100%        5


Dungeon Overview and Level Annotations

Branches:
Dungeon (4/15)
 Temple: D:4-7

Altars:
Elyvilon
Qazlal
Ru


Innate Abilities, Weirdness & Mutations

You are immune to sickness and miasma.
Your stone body is resilient. (AC +4)
You are immune to poison.
You resist negative energy. (rN+)
You are resistant to electric shocks. (rElec)
You are resistant to unholy torment.
You are immune to petrification.


Message History

You sock the wight!
The wight is heavily damaged.
A wight comes into view. It is wielding a +4 scimitar.
The wight hits you with a +0 battleaxe! The wight hits you with a +0 battleaxe.
The wight moves out of view.
You are too injured to fight recklessly!
You are too injured to fight recklessly!
You are too injured to fight recklessly!
You are too injured to fight recklessly!
You are too injured to fight recklessly!
You are too injured to fight recklessly!
You are too injured to fight recklessly!
You are too injured to fight recklessly!
You are too injured to fight recklessly!
You are too injured to fight recklessly!
You are too injured to fight recklessly!
You are too injured to fight recklessly!
You are too injured to fight recklessly!
You are too injured to fight recklessly!
You are too injured to fight recklessly!
You hit the wight but do no damage.
The wight is heavily damaged.
The wight hits you with a +0 battleaxe.
* * * LOW HITPOINT WARNING * * *
You barely miss the wight.
The wight is heavily damaged.
The wight hits you but does no damage.
You sock the wight!
You destroy the wight!
The wight closely misses you.
You completely miss the wight. You block the wight's attack.
You hit the wight.
The wight is moderately damaged.
The wight hits you with a +4 scimitar!
* * * LOW HITPOINT WARNING * * *
Sorry, you're not good enough to have a special ability.
Okay, then.
As you read the scroll of teleportation, it crumbles to dust.
You feel strangely unstable. The wight hits you with a +4 scimitar!
You die...

######...# ##..#
#).# # ##.## ..#
#..# ....## #..#
......#### #..#
........)#### ##..
#@[...#### #..
...)..z###)...[#####
#.. .......
###.......####.
......#
####........# .....#
###......# ....#
###...## ..## ###.#
## #.# ..#


You could see a wight.

Vanquished Creatures
  An ogre (D:3)
  A phantom (D:4)
  4 wights (D:4)
  4 gnolls
  3 adders
  An adder skeleton (D:4)
  2 worms (D:2)
  3 dart slugs
  5 orcs
  11 ball pythons
  4 bats
  5 endoplasms
  5 giant cockroaches
  6 goblins
  6 hobgoblins
  3 quokkas
  3 frilled lizards
  9 kobolds
76 creatures vanquished.

Notes
Turn   | Place    | Note
-------+----------+-------------------------------------------
     0 | D:1      | vineage the Gargoyle Fighter began the quest for the Orb.
     0 | D:1      | Reached XP level 1. HP: 14/14 MP: 1/1
   270 | D:1      | Reached XP level 2. HP: 19/20 MP: 2/2
   461 | D:1      | Reached skill level 4 in Fighting
  1400 | D:2      | Reached XP level 3. HP: 12/24 MP: 3/3
  1741 | D:2      | Reached skill level 5 in Fighting
  1957 | D:2      | Reached XP level 4. HP: 31/31 MP: 4/4
  2512 | D:3      | Found a faded altar of an unknown god.
  2728 | D:3      | Noticed an ogre
  2739 | D:3      | Killed an ogre
  2740 | D:3      | Reached skill level 6 in Fighting
  2740 | D:3      | Reached XP level 5. HP: 4/37 MP: 5/5
  3690 | D:3      | Reached skill level 7 in Fighting
  3755 | D:3      | Found a sacrificial altar of Ru.
  3755 | D:3      | Found a stormy altar of Qazlal.
  3917 | D:3      | Found a white marble altar of Elyvilon.
  4051 | D:4      | Noticed a phantom
  4068 | D:4      | Killed a phantom
  4069 | D:4      | Reached XP level 6. HP: 33/44 MP: 6/6
  4486 | D:4      | Reached skill level 8 in Fighting
  4651 | D:4      | Reached XP level 7. HP: 29/50 MP: 7/7
  4662 | D:4      | Slain by a wight

Illustrated notes

Levels and vault maps discovered:
D:1:      psy_arrival_statuary, layout_loops_corners, nrook_loot_triangle
D:2:      wad_river_or_something, layout_loops_ring
D:3:      layout_basic, elyvilon_altar_5, gammafunk_temple_overflow_elements,
          nicolae_ecumenical_oubliette, chequers_avenue
D:4:      minmay_inner_zag, layout_cave_pods, kennysheep_orc_sif_temple,
          st_stairs_8

Skill      XL: |  1  2  3  4  5  6 |
---------------+-------------------+-----
Fighting       | 4 5 6 7 8 |  8.7
Maces & Flails | |  2.0
Armour         | |  3.2
Shields        | |  3.2

Action                   |  1- 3 |  4- 6 |  7- 9 || total
-------------------------+-------+-------+-------++-------
Melee: Flail             |   121 |   146 |     1 ||   268
       Mace              |       |       |     6 ||     6
  Use: Scroll            |     3 |     2 |     1 ||     6
       Potion            |       |     2 |       ||     2
Armor: Scale mail        |    22 |       |       ||    22
       Plate armour      |    52 |   125 |     1 ||   178
Dodge: Dodged            |    44 |    57 |     1 ||   102
Block: Buckler           |    26 |    42 |     1 ||    69

Table legend: (Time is in decaauts)
 A = Elapsed time spent in this place.
 B = Non-inter-level travel time spent in this place.
 C = Inter-level travel time spent in this place.
 D = Time resting spent in this place.
 E = Time spent auto-exploring this place.
 F = Levels seen in this place.
 G = Mean time per level.
                   A        B        C        D        E       F      G
               +--------+--------+--------+--------+--------+-----+--------+
         Total |   4738 |   4527 |    211 |    777 |   3080 |   4 | 1184.5 |
       Dungeon |   4738 |   4527 |    211 |    777 |   3080 |   4 | 1184.5 |
               +--------+--------+--------+--------+--------+-----+--------+

Top non-repeatable levels by time:
     D:2: 2039 daAuts
     D:1: 1344 daAuts
     D:3: 720 daAuts
     D:4: 633 daAuts
